 Dungeon Crawl Stone Soup version 0.23.0-3-gf3c87f2 (webtiles) character file.

Game seed: 15708927894042003507

163 Borgoz the Sneak (level 5, -8/29 HPs)
             Began as a Gargoyle Enchanter on Feb 23, 2019.
             Mangled by an orc warrior
             ... wielding a +0 battleaxe
              (9 damage)
             ... on level 2 of the Dungeon.
             The game lasted 00:06:37 (2414 turns).

Borgoz the Sneak (Gargoyle Enchanter)               Turns: 2414, Time: 00:06:38

Health: -8/29      AC:  7    Str: 17    XL:     5   Next: 44%
Magic:  1/8        EV: 12    Int: 15    God:
Gold:   240        SH:  0    Dex: 11    Spells: 2/8 levels left

rFire    . . .     SeeInvis .   a - +1 dagger
rCold    . . .     Gourm    .   (no shield)
rNeg     + . .     Faith    .   b - +0 robe
rPois    ∞         Spirit   .   (no helmet)
rElec    +         Reflect  .   (no cloak)
rCorr    .         Harm     .   k - +0 pair of gloves
MR       .....                  (no boots)
Stlth    ++........             (no amulet)
HPRegen  0.09/turn              (no ring)
MPRegen  0.11/turn              (no ring)

@: mighty
A: negative energy resistance 1, electricity resistance, unbreathing,
petrification resistance, rot immunity, AC +4
a: no special abilities


You were on level 2 of the Dungeon.
You were not hungry.

You visited 1 branch of the dungeon, and saw 3 of its levels.

You collected 240 gold pieces.

Inventory:

Hand Weapons
 a - a +1 dagger (weapon)
Armour
 b - a +0 robe (worn)
 k - a +0 pair of gloves (worn)
Scrolls
 e - a scroll of identify
 i - a scroll of magic mapping {unknown}
Potions
 g - a potion of resistance
 h - a potion of mutation {unknown}
 j - a potion of agility {unknown}
Comestibles
 d - 4 rations
 f - 3 chunks of flesh


   Skills:
 + Level 1.5 Fighting
 * Level 2.1 Short Blades
 - Level 0.8 Throwing
 + Level 1.6 Armour
 * Level 2.5 Dodging
 + Level 3.9 Stealth
 - Level 2.0 Spellcasting
 + Level 3.1 Hexes


You had 2 spell levels left.
You knew the following spells:

 Your Spells              Type           Power        Failure   Level  Hunger
a - Corona                Hex            ##.....      6%          1    #......
b - Ensorcelled Hibernat  Hex/Ice        #.....       17%         2    ###....
c - Confuse               Hex            ##......     19%         3    ###....

Your spell library contained the following spells:

 Spells                   Type           Power        Failure   Level  Hunger
 Tukima's Dance           Hex            ##......     19%         3    ###....
 Dazzling Spray           Conj/Hex       #.....       34%         3    ###....


Dungeon Overview and Level Annotations

Branches:
Dungeon (3/15)

Altars:
Okawaru


Innate Abilities, Weirdness & Mutations

You are resistant to torment.
Your stone body is resilient. (AC +4)
You are immune to poison.
You resist negative energy. (rN+)
You are resistant to electric shocks. (rElec)
You can survive without breathing.
You are immune to petrification.
You are immune to rotting.


Message History

Casting: Ensorcelled Hibernation (safe; 17% risk of failure)
Confirm with . or Enter, or press ? or * to list all spells.
You don't have enough magic to cast that spell.
Items here: )) [ ÷ a +0 leather armour; a cursed +0 dagger; a +0 flail of protection an orc skeleton The orc warrior hits you with a +0 battleaxe!
Eat one of 4 chunks of flesh? (ye/n/q)
You eat one of the 4 chunks of flesh.
This raw flesh tastes terrible.
You feel very mighty all of a sudden. The orc warrior closely misses you.
You hit the orc warrior but do no damage.
The orc warrior hits you with a +0 battleaxe!
* * * LOW HITPOINT WARNING * * *
You hit the orc warrior.
The orc warrior is lightly wounded.
You barely miss the orc warrior.
The orc warrior is lightly wounded.
The orc warrior hits you with a +0 battleaxe!
You die...

..............##........# #.###.#
#####.......###..>......# #......
#####.##........(.......# #....<#
........................###...>##
#####.###...............##.......
#.###...............##.......
#............................ ##
#.###...........)............
.####.# #.#.....@o.[>............
...##.###.##.#.....#.).#.........
##..#.##..##...............##....
##......#...........##..........
###.#............####....###...
#####.##..........#........# #...
#............#####..###.#### #...
#............#####.###..# #...
#........#.............## ####


You could see an orc warrior.

Vanquished Creatures
  An orc priest (D:2)
  A hound (D:3)
  A worker ant zombie (D:2)
  An adder (D:3)
  2 oozes
  2 dart slugs
  3 leopard geckos
  7 orcs
  6 giant cockroaches
  5 goblins
  3 hobgoblins
  4 jackals
  7 kobolds
  5 bats
  3 frilled lizards
  5 rats
56 creatures vanquished.

Vanquished Creatures (others)
  3 toadstools (D:1)
3 creatures vanquished.

Grand Total: 59 creatures vanquished

Notes
Turn   | Place    | Note
-------+----------+-------------------------------------------
     0 | D:1      | Borgoz the Gargoyle Enchanter began the quest for the Orb.
     0 | D:1      | Reached XP level 1. HP: 10/10 MP: 3/3
    42 | D:1      | Reached skill level 1 in Short Blades
    82 | D:1      | Reached XP level 2. HP: 15/15 MP: 5/5
   651 | D:2      | Reached XP level 3. HP: 20/20 MP: 6/6
   869 | D:2      | Learned a level 2 spell: Ensorcelled Hibernation
   875 | D:2      | Learned a level 3 spell: Confuse
   979 | D:2      | Reached skill level 1 in Fighting
  1001 | D:2      | Reached skill level 1 in Armour
  1447 | D:3      | Reached XP level 4. HP: 25/25 MP: 7/7
  1507 | D:3      | Noticed an orc warrior
  1776 | D:3      | Found an iron altar of Okawaru.
  1877 | D:3      | Reached XP level 5. HP: 20/29 MP: 3/8
  2028 | D:3      | HP: 1/29 [orc priest/divine providence (14)]
  2412 | D:2      | HP: 1/29 [orc warrior/+0 battleaxe (8)]
  2414 | D:2      | Mangled by an orc warrior

Skill      XL: |  1  2  3  4  5 |
---------------+----------------+-----
Short Blades   | 1 2 |  2.1
Fighting       | 1 |  1.5
Armour         | 1 |  1.6
Dodging        | 2 |  2.5
Hexes          | 3 |  3.1
Throwing       | |  0.8
Stealth        | |  3.9
Spellcasting   | |  2.0

Action                   |  1- 3 |  4- 6 || total
-------------------------+-------+-------++-------
Melee: Dagger            |   149 |   130 ||   279
 Cast: Confuse           |     1 |     2 ||     3
       Ensorcelled Hiber |       |    15 ||    15
       Corona            |       |     2 ||     2
  Use: Scroll            |     4 |     2 ||     6
       Potion            |       |     2 ||     2
 Stab: Sleeping          |     9 |     7 ||    16
       Confused          |     1 |       ||     1
  Eat: Chunk             |     2 |     5 ||     7
Armor: Robe              |    43 |    41 ||    84
Dodge: Dodged            |    80 |   107 ||   187
